 Dungeon Crawl Stone Soup version 0.28-a0-474-g535839065c (webtiles) character file.

Game seed: 1482612407461601387

1535 siradein the Shield-Bearer (level 8, -1/67 HPs)
             Began as a Gnoll Fighter on Sept 16, 2021.
             Slain by a steam dragon (3 damage)
             ... on level 7 of the Dungeon.
             The game lasted 00:31:23 (6976 turns).

siradein the Shield-Bearer (Gnoll Fighter)          Turns: 6976, Time: 00:31:24

Health: -1/67      AC: 12    Str: 16    XL:     8   Next: 86%
Magic:  13/13      EV:  8    Int:  9    God:
Gold:   336        SH:  5    Dex: 12    Spells: 14/14 levels left

rFire   . . .      SeeInvis .   j - staff of earth
rCold   . . .      Faith    .   c - +0 buckler
rNeg    . . .      Spirit   .   d - +0 chain mail
rPois   .          Reflect  .   b - +0 helmet
rElec   .          Harm     .   (no cloak)
rCorr   .          Rampage  .   (no gloves)
Will    .....                   (no boots)
Stlth   ..........              (no amulet)
HPRegen 0.21/turn               (no ring)
MPRegen 0.13/turn               (no ring)

@: no status effects
A: fangs 1, strong nose, distributed training
a: no special abilities


You were on level 7 of the Dungeon.
You visited 1 branch of the dungeon, and saw 7 of its levels.

You collected 358 gold pieces.
You spent 22 gold pieces at shops.

Inventory:

Hand Weapons
 a - a +0 trident
 i - a +0 short sword of holy wrath
 l - a +0 hunting sling
 s - a +0 morningstar
 A - a +0 hand crossbow
Missiles
 f - 95 sling bullets
 n - 67 stones
 B - 43 bolts
 D - 6 poisoned darts (quivered)
Armour
 b - a +0 helmet (worn)
 c - a +0 buckler (worn)
 d - a +0 chain mail (worn)
Magical Staves
 j - a staff of earth (weapon)
 r - a staff of cold
 u - a staff of poison
Jewellery
 m - an amulet of faith
 p - a ring of flight
Wands
 E - a wand of charming (9)
Scrolls
 h - a scroll of holy word {unknown}
 o - 4 scrolls of summoning
 q - 4 scrolls of enchant weapon {unknown}
 t - a scroll of blinking {unknown}
 v - 3 scrolls of noise {unknown}
 x - 4 scrolls of teleportation {unknown}
 y - 2 scrolls of fear {unknown}
 z - 2 scrolls of fog {unknown}
 F - a scroll of magic mapping {unknown}
 I - a scroll of acquirement {unknown}
Potions
 e - 3 potions of flight
 g - 2 potions of curing
 k - 2 potions of mutation {unknown}
 w - a potion of attraction {unknown}
 C - 2 potions of brilliance
 G - 2 potions of lignification {unknown}
 H - a potion of ambrosia {unknown}


   Skills:
 + Level 7.5 Fighting
 + Level 3.6 Short Blades
 + Level 3.6 Long Blades
 + Level 3.6 Axes
 + Level 3.6 Maces & Flails
 + Level 5.9 Polearms
 + Level 3.6 Staves
 + Level 3.6 Slings
 + Level 3.6 Bows
 + Level 3.6 Crossbows
 + Level 3.6 Throwing
 + Level 7.5 Armour
 + Level 3.6 Dodging
 + Level 3.6 Stealth
 + Level 7.5 Shields
 + Level 3.6 Unarmed Combat
 + Level 3.6 Spellcasting
 + Level 3.0 Conjurations
 + Level 3.0 Hexes
 + Level 3.0 Summonings
 + Level 3.0 Necromancy
 + Level 3.0 Translocations
 + Level 3.0 Transmutations
 + Level 3.0 Fire Magic
 + Level 3.0 Ice Magic
 + Level 3.0 Air Magic
 + Level 3.0 Earth Magic
 + Level 3.0 Poison Magic
 + Level 4.0 Invocations
 + Level 3.6 Evocations


You had 14 spell levels left.
You didn't know any spells.
Your spell library contained the following spells:

 Spells                   Type           Power      Damage    Failure   Level
 Sandblast                Erth           20%        2d7       71%         1
 Passwall                 Tmut/Erth      8%         N/A       83%         2
 Inner Flame              Hex/Fire       7%         N/A       97%         3
 Portal Projectile        Hex/Tloc       14%        N/A       97%         3
 Stone Arrow              Conj/Erth      20%        3d8       97%         3
 Summon Guardian Golem    Hex/Summ       7%         N/A       97%         3
 Cause Fear               Hex            3%         N/A       100%        4
 Blade Hands              Tmut           3%         N/A       100%        5
 Excruciating Wounds      Necr           3%         N/A       100%        5
 Orb of Destruction       Conj           3%         9d1       100%        7
 Spellforged Servitor     Conj/Summ      3%         N/A       100%        7
 Discord                  Hex            3%         N/A       100%        8


Dungeon Overview and Level Annotations

Branches:
Dungeon (7/15)
 Temple: D:4-7

Altars:
Elyvilon
Makhleb
Vehumet

Shops:
D:3 [   D:7 !(?

Annotations:
D:5 3 runed translucent doors, Crazy Yiuf; Dittersdorf's ghost, amateur GrFi; olmar's ghost, novice DDFi


Innate Abilities, Weirdness & Mutations

You have very sharp teeth.
Your uncanny sense of smell can sniff out nearby items.
Your experience applies equally to all skills.


Message History

You hear an angry buzzing noise.
You hit the bullfrog. Your bite misses the bullfrog.
The bullfrog is almost dead.
The bullfrog hits you.
* * * LOW HITPOINT WARNING * * *
You block the bullfrog's attack. The steam dragon bites you.
* * * LOW HITPOINT WARNING * * *
The steam dragon claws you but does no damage.
You barely miss the steam dragon. Your bite misses the steam dragon.
The steam dragon is severely wounded.
The bullfrog hits you but does no damage.
The steam dragon barely misses you.
The steam dragon claws you but does no damage.
Unknown command.
You barely miss the steam dragon.
The steam dragon is severely wounded.
The bullfrog is engulfed in a cloud of scalding steam.
The bullfrog dies!
You block the steam dragon's attack.
The steam dragon claws you but does no damage.
Your Conjurations skill increases to level 3!
Your Hexes skill increases to level 3!
Your Summonings skill increases to level 3!
Your Necromancy skill increases to level 3!
Your Translocations skill increases to level 3!
Your Transmutations skill increases to level 3!
Your Fire Magic skill increases to level 3!
Your Ice Magic skill increases to level 3!
Your Air Magic skill increases to level 3!
Your Earth Magic skill increases to level 3!
Your Poison Magic skill increases to level 3!
You hit the steam dragon but do no damage.
The steam dragon is severely wounded.
The steam dragon breathes steam at you. The ball of steam hits you!
* * * LOW HITPOINT WARNING * * *
You hear an angry buzzing noise. x3
Unknown command.
The steam dragon barely misses you. The steam dragon claws you.
You die...

≈≈≈.≈.≈..# #...
..≈.≈.≈..## #...
≈.≈.≈.≈...#
###.#.
∩.≈.≈.≈...#
#...#.
≈≈≈.≈.≈...######
#####.
....≈.≈........#
#...#.
≈≈≈≈.≈.......:###
#######.....
.....;........D§#
#........#..
≈≈≈≈≈≈.........@#
#...........
................#
#...........
...##..........#
#........... ###
#..........#
#...........
#..........#
#...........
############
#........##.
##...........
#........###.
#............


You could see a steam dragon (catching breath).

Vanquished Creatures
  Sigmund (D:2)
  A steam dragon (D:7)
  3 ice beasts
  An ogre (D:6)
  A hornet zombie (D:7)
  A centaur (D:5)
  A bullfrog (D:7)
  A scorpion (D:6)
  A howler monkey (D:4)
  A crimson imp (D:3)
  An orc priest (D:7)
  A jelly (D:6)
  A centaur skeleton (D:5)
  2 hounds
  An orc wizard (D:7)
  Natasha (thrice) (D:2)
  A hound skeleton (D:4)
  A howler monkey zombie (D:7)
  Robin (D:2)
  3 gnolls (D:3)
  8 adders
  An ufetubus (D:5)
  A worm (D:2)
  A dart slug (D:3)
  9 orcs
  8 ball pythons
  3 endoplasms
  3 giant cockroaches
  18 goblins
  4 hobgoblins
  3 jackals (D:5)
  6 kobolds
  4 quokkas
  5 bats
  3 frilled lizards
  4 rats
108 creatures vanquished.

Vanquished Creatures (others)
  A bullfrog (D:7)
1 creature vanquished.

Grand Total: 109 creatures vanquished

Notes
Turn   | Place    | Note
-------+----------+-------------------------------------------
     0 | D:1      | siradein the Gnoll Fighter began the quest for the Orb.
     0 | D:1      | Reached XP level 1. HP: 23/23 MP: 1/1
   121 | D:1      | Reached XP level 2. HP: 29/29 MP: 2/2
   454 | D:1      | Reached XP level 3. HP: 32/35 MP: 3/3
   616 | D:2      | Reached skill level 1 in Invocations
   860 | D:2      | Noticed Natasha
   873 | D:2      | Killed Natasha
   874 | D:2      | Reached skill level 1 in Short Blades
   874 | D:2      | Reached skill level 1 in Long Blades
   874 | D:2      | Reached skill level 1 in Axes
   874 | D:2      | Reached skill level 1 in Maces & Flails
   874 | D:2      | Reached skill level 1 in Staves
   874 | D:2      | Reached skill level 1 in Slings
   874 | D:2      | Reached skill level 1 in Bows
   874 | D:2      | Reached skill level 1 in Crossbows
   874 | D:2      | Reached skill level 1 in Throwing
   874 | D:2      | Reached skill level 1 in Dodging
   874 | D:2      | Reached skill level 1 in Stealth
   874 | D:2      | Reached skill level 1 in Unarmed Combat
   874 | D:2      | Reached skill level 1 in Spellcasting
   874 | D:2      | Reached skill level 1 in Evocations
   874 | D:2      | Reached XP level 4. HP: 37/41 MP: 5/5
   928 | D:2      | Noticed Natasha
   938 | D:2      | Killed Natasha
   939 | D:2      | Reached skill level 1 in Conjurations
   939 | D:2      | Reached skill level 1 in Hexes
   939 | D:2      | Reached skill level 1 in Summonings
   939 | D:2      | Reached skill level 1 in Necromancy
   939 | D:2      | Reached skill level 1 in Translocations
   939 | D:2      | Reached skill level 1 in Transmutations
   939 | D:2      | Reached skill level 1 in Fire Magic
   939 | D:2      | Reached skill level 1 in Ice Magic
   939 | D:2      | Reached skill level 1 in Air Magic
   939 | D:2      | Reached skill level 1 in Earth Magic
   939 | D:2      | Reached skill level 1 in Poison Magic
  1193 | D:2      | Noticed Sigmund
  1507 | D:2      | Killed Sigmund
  1508 | D:2      | Reached XP level 5. HP: 39/47 MP: 5/7
  1508 | D:2      | Reached XP level 6. HP: 44/53 MP: 5/8
  1646 | D:2      | Noticed Natasha
  1808 | D:2      | Killed Natasha
  1809 | D:2      | Reached skill level 5 in Polearms
  2093 | D:2      | Noticed Robin
  2104 | D:2      | Killed Robin
  2774 | D:3      | Found a white marble altar of Elyvilon.
  2818 | D:3      | Found a transporter.
  2830 | D:3      | Found a transporter.
  2833 | D:3      | Noticed Dittersdorf's ghost (amateur GrFi)
  2860 | D:3      | Found a radiant altar of Vehumet.
  2862 | D:3      | Found a burning altar of Makhleb.
  2916 | D:3      | Found Wootidel's Antique Armour Shop.
  3269 | D:4      | Reached XP level 7. HP: 59/59 MP: 10/10
  3775 | D:5      | Entered Level 5 of the Dungeon
  4185 | D:5      | Found a runed translucent door.
  4186 | D:5      | Noticed Crazy Yiuf
  4272 | D:5      | Found a large runed translucent door.
  4272 | D:5      | Found a large runed translucent door.
  4274 | D:5      | Noticed olmar's ghost (novice DDFi)
  4896 | D:6      | Reached XP level 8. HP: 51/67 MP: 12/12
  5670 | D:7      | Found Junn's Magic Scroll Shoppe.
  5910 | D:7      | Bought a scroll of identify for 22 gold pieces
  6208 | D:7      | Found Urijiwus's Antique Weapon Emporium.
  6934 | D:7      | Found Beagrazel's Distillery.
  6975 | D:7      | HP: 2/67 [steam dragon/ball of steam (10)]
  6976 | D:7      | Slain by a steam dragon

Illustrated notes

Levels and vault maps discovered:
D:1:      minmay_arrival_up_and_down, layout_basic
D:2:      layout_basic, kennysheep_flooded_box, minmay_bisected, uniq_robin,
          uniq_natasha, uniq_sigmund
D:3:      minmay_general_purpose_star, layout_rooms,
          grunt_temple_overflow_lords_of_destruction, overflow_temple_1_default,
          serial_shops, nicolae_diamond_shop, gammafunk_ghost_arena
D:4:      layout_basic
D:5:      layout_cave_pools, ebering_ghost_disaster_area,
          uniq_crazy_yiuf_cottage
D:6:      layout_layer_cave, mainiacjoe_overflow_large_starburst,
          grunt_potential
D:7:      lemuel_ice_spiral_2, layout_basic, minmay_temple_entry_poolview,
          serial_shops, nicolae_inconvenience_store, nicolae_stop_n_shop_1,
          shop_statue, shop

Skill      XL: |  1  2  3  4  5  6  7  8 |
---------------+-------------------------+-----
Invocations    | 1 2 3 4 |  4.0
Short Blades   | 1 2 3 |  3.6
Long Blades    | 1 2 3 |  3.6
Axes           | 1 2 3 |  3.6
Maces & Flails | 1 2 3 |  3.6
Staves         | 1 2 3 |  3.6
Slings         | 1 2 3 |  3.6
Bows           | 1 2 3 |  3.6
Crossbows      | 1 2 3 |  3.6
Throwing       | 1 2 3 |  3.6
Dodging        | 1 2 3 |  3.6
Stealth        | 1 2 3 |  3.6
Unarmed Combat | 1 2 3 |  3.6
Spellcasting   | 1 2 3 |  3.6
Evocations     | 1 2 3 |  3.6
Conjurations   | 1 2 3 |  3.0
Hexes          | 1 2 3 |  3.0
Summonings     | 1 2 3 |  3.0
Necromancy     | 1 2 3 |  3.0
Translocations | 1 2 3 |  3.0
Transmutations | 1 2 3 |  3.0
Fire Magic     | 1 2 3 |  3.0
Ice Magic      | 1 2 3 |  3.0
Air Magic      | 1 2 3 |  3.0
Earth Magic    | 1 2 3 |  3.0
Poison Magic   | 1 2 3 |  3.0
Polearms       | 5 |  5.9
Fighting       | 7 |  7.5
Armour         | 7 |  7.5
Shields        | 7 |  7.5

Action                   |  1- 3 |  4- 6 |  7- 9 || total
-------------------------+-------+-------+-------++-------
Melee: Trident           |    83 |   164 |    49 ||   296
       Bite              |     5 |    11 |    25 ||    41
       Staff             |     5 |       |    64 ||    69
       Short sword       |       |    10 |    42 ||    52
       Morningstar       |       |     6 |    81 ||    87
 Fire: Hunting sling     |     2 |    11 |     4 ||    17
Throw: Dart              |       |       |     3 ||     3
  Use: Potion            |       |     1 |     1 ||     2
       Scroll            |       |       |     4 ||     4
Armor: Scale mail        |    29 |    19 |       ||    48
       Chain mail        |       |    45 |   122 ||   167
Dodge: Dodged            |    22 |    40 |    97 ||   159
Block: Buckler           |    19 |    40 |    67 ||   126

Table legend: (Time is in decaauts)
 A = Elapsed time spent in this place.
 B = Non-inter-level travel time spent in this place.
 C = Inter-level travel time spent in this place.
 D = Time resting spent in this place.
 E = Time spent auto-exploring this place.
 F = Levels seen in this place.
 G = Mean time per level.
                   A        B        C        D        E       F      G
               +--------+--------+--------+--------+--------+-----+--------+
         Total |   7006 |   6748 |    258 |   1321 |   4115 |   7 | 1000.9 |
       Dungeon |   7006 |   6748 |    258 |   1321 |   4115 |   7 | 1000.9 |
               +--------+--------+--------+--------+--------+-----+--------+

Top non-repeatable levels by time:
     D:7: 1298 daAuts
     D:2: 1253 daAuts
     D:1: 1204 daAuts
     D:6: 975 daAuts
     D:3: 853 daAuts
     D:4: 714 daAuts
     D:5: 707 daAuts
